 Dungeon Crawl Stone Soup version 0.29.1-12-g30fa7ad0bf (webtiles) character file.

Game seed: 16846110862028685990

31 bnorton916 the Firebug (level 3, -2/19 HPs)
             Began as a Deep Elf Fire Elementalist on Dec 23, 2022.
             Slain by Sigmund
             ... wielding a +0 scythe
              (11 damage)
             ... on level 2 of the Dungeon.
             The game lasted 00:01:08 (1399 turns).

bnorton916 the Firebug (Deep Elf Fire Elementalist) Turns: 1399, Time: 00:01:09

Health: -2/19      AC:  2    Str:  5    XL:     3   Next: 7%
Magic:  7/10       EV: 12    Int: 21    God:
Gold:   66         SH:  0    Dex: 15    Spells: 8/9 levels left

rFire   . . .      SeeInvis .   f - +1 dagger (holy)
rCold   . . .      Faith    .   (no shield)
rNeg    . . .      Spirit   .   a - +0 robe
rPois   .          Reflect  .   (no helmet)
rElec   .          Harm     .   (no cloak)
rCorr   .          Rampage  .   (no gloves)
Will    .....                   (no boots)
Stlth   ++........              (no amulet)
HPRegen 0.06/turn               (no ring)
MPRegen 0.12/turn               (no ring)

@: no status effects
A: no striking features
a: no special abilities


You were on level 2 of the Dungeon.
You visited 1 branch of the dungeon, and saw 2 of its levels.

You collected 66 gold pieces.

Inventory:

Hand Weapons
 f - a +1 dagger of holy wrath (weapon)
Missiles
 i - 3 javelins
Armour
 a - a +0 robe (worn)
Scrolls
 c - a scroll of teleportation {unknown}
 e - a scroll of amnesia {unknown}
 h - 3 scrolls of enchant weapon {unknown}
 j - a scroll of silence {unknown}
 k - a scroll of fear {unknown}
Potions
 b - a potion of magic
 d - 2 potions of resistance {unknown}
 g - 4 potions of flight {unknown}
 l - a potion of brilliance {unknown}


   Skills:
 - Level 2.4 Dodging
 - Level 2.4 Stealth
 + Level 3.7 Spellcasting
 + Level 2.1 Conjurations
 + Level 3.8 Fire Magic


You had 8 spell levels left.
You knew the following spells:

 Your Spells              Type           Power      Damage    Failure   Level
a - Foxfire               Conj/Fire      64%        2x1d7     3%          1

Your spell library contained the following spells:

 Spells                   Type           Power      Damage    Failure   Level
 Scorch                   Fire           38%        2d6       4%          2
 Conjure Flame            Conj/Fire      16%        6-21      11%         3
 Inner Flame              Hex/Fire       11%        N/A       17%         3
 Flame Wave               Conj/Fire      16%        2d7       34%         4
 Summon Ice Beast         Ice/Summ       3%         N/A       77%         4
 Summon Mana Viper        Hex/Summ       3%         N/A       98%         5
 Monstrous Menagerie      Summ           1%         N/A       100%        7


Dungeon Overview and Level Annotations

Branches:
Dungeon (2/15)

Altars:

Annotations:
D:2 Sigmund


Message History

Casting: Foxfire (safe; 3% risk of failure)
Confirm with . or Enter, or press ? or * to list all spells.
You conjure some foxfire!
Your foxfire dissipates!
You now have 42 gold pieces (gained 2).
Your foxfire dissipates!
You open the door.
Found a sling.
Casting: Foxfire (safe; 3% risk of failure)
Confirm with . or Enter, or press ? or * to list all spells.
You conjure some foxfire!
Your foxfire dissipates!
Your foxfire dissipates!
There is an open door here.
You now have 57 gold pieces (gained 15).
Found a ring mail.
l - a ruby potion You now have 66 gold pieces (gained 9).
Sigmund and a quokka come into view.
Sigmund shouts!
You hear a shout!
Sigmund gestures wildly while chanting.
Sigmund flickers and vanishes!
Deactivating autopickup; reactivate with Ctrl-A.
Casting: Foxfire (safe; 3% risk of failure)
Confirm with . or Enter, or press ? or * to list all spells.
You conjure some foxfire!
The foxfire hits the quokka.
You kill the quokka!
The foxfire hits something.
Casting: Foxfire (safe; 3% risk of failure)
Confirm with . or Enter, or press ? or * to list all spells.
You conjure some foxfire!
The foxfire hits something!
The foxfire hits something.
Something hits you!
Ouch! That really hurt!
Casting: Foxfire (safe; 3% risk of failure)
Confirm with . or Enter, or press ? or * to list all spells.
You conjure some foxfire!
The foxfire hits something. x2; Something hits you!
Ouch! That really hurt!
You die...

## #.# ..#
#.# #.# #[#
##.####
#.†...####
#§@......#
#.§......#
##+###...###
#.....####
#.........
#...)..##
#.......#
#...##..#
##'## ..#


There were no monsters in sight!

Vanquished Creatures
  2 dart slugs (D:1)
  6 endoplasms
  2 giant cockroaches (D:1)
  3 goblins (D:1)
  2 hobgoblins
  2 quokkas
  A ball python (D:1)
  2 bats
  3 rats (D:2)
23 creatures vanquished.

Vanquished Creatures (others)
  118 foxfires
118 creatures vanquished.

Grand Total: 141 creatures vanquished

Notes
Turn   | Place    | Note
-------+----------+-------------------------------------------
     0 | D:1      | bnorton916 the Deep Elf Fire Elementalist began the quest
                  | for the Orb.
     0 | D:1      | Reached XP level 1. HP: 10/10 MP: 6/6
   230 | D:1      | Reached XP level 2. HP: 15/15 MP: 4/8
  1078 | D:1      | You fall into a shaft and drop 1 floor!
  1302 | D:2      | Reached XP level 3. HP: 19/19 MP: 7/10
  1392 | D:2      | Noticed Sigmund
  1399 | D:2      | Slain by Sigmund

Illustrated notes

Levels and vault maps discovered:
D:1:      psy_arrival_radial01, layout_basic, nicolae_figureground_pulse
D:2:      layout_basic, shapermc_ecumenical_altar_mp_vishouse, uniq_sigmund

Skill      XL: |  1  2 |
---------------+-------+-----
Conjurations   | 2 |  2.1
Dodging        | |  2.4
Stealth        | |  2.4
Spellcasting   | |  3.7
Fire Magic     | |  3.8

Action                   || total
-------------------------++-------
 Cast: Foxfire           ||    74
Armor: Robe              ||     1
Dodge: Dodged            ||     5
